 Dungeon Crawl Stone Soup version 0.21-a0-414-gba8bdf1 (webtiles) character file.

6092 Ijustatesigmund the Cleaver (level 10, -3/93 HPs)
             Began as a Hill Orc Fighter on Nov 2, 2017.
             Was an Elder of Okawaru.
             Slain by a fire crab (13 damage)
             ... on level 7 of the Dungeon.
             The game lasted 00:16:11 (6096 turns).

Ijustatesigmund the Cleaver (Hill Orc Fighter)      Turns: 6096, Time: 00:16:14

Health: -3/93      AC: 19    Str: 20    XL:     10   Next: 88%
Magic:  15/15      EV:  5    Int:  8    God:    Okawaru [****..]
Gold:   466        SH: 13    Dex: 13    Spells: 8/9 levels left

rFire    . . .     SeeInvis +   a - +1 war axe
rCold    + . .     Gourm    .   c - +0 shield
rNeg     . . .     Faith    .   x - +1 chain mail {rC+}
rPois    .         Spirit   .   e - +2 hat
rElec    .         Reflect  +   n - +0 cloak
rCorr    .         Harm     .   g - +2 pair of gloves
MR       +....                  (no boots)
Stlth    ..........             H - +4 amulet of reflection
HPRegen  0.25/turn              L - ring of see invisible
MPRegen  0.14/turn              N - ring of protection from magic

@: no status effects
A: no striking features
a: Heroism, Renounce Religion


You were on level 7 of the Dungeon.
You worshipped Okawaru.
Okawaru was greatly pleased with you.
You were hungry.

You visited 2 branches of the dungeon, and saw 8 of its levels.
You also visited: Sewer.

You collected 466 gold pieces.

Inventory:

Hand Weapons
 a - a +1 war axe (weapon)
Missiles
 v - 2 throwing nets (quivered)
Armour
 c - a +0 shield (worn)
 e - a +2 hat (worn)
 g - a +2 pair of gloves (worn)
 n - a +0 cloak (worn)
 x - a +1 chain mail of cold resistance (worn)
Jewellery
 H - a +4 amulet of reflection (around neck)
 L - a ring of see invisible (left hand)
 N - a ring of protection from magic (right hand)
Wands
 b - a wand of disintegration (6/24)
 l - a wand of flame (14/48)
 y - a wand of disintegration (22/24)
 F - a wand of flame (15/48)
 I - a wand of digging (11/24)
 K - a wand of paralysis (12/24)
Scrolls
 h - 2 scrolls of fear
 k - a scroll of immolation
 p - 5 scrolls of remove curse
 s - 2 scrolls of blinking
 u - 7 scrolls of fog
 w - 5 scrolls of teleportation
 C - 2 scrolls of recharging
 E - a scroll of enchant weapon
 M - a scroll of amnesia {unknown}
Potions
 d - a potion of might
 i - a potion of magic
 j - 5 potions of heal wounds
 m - 3 potions of lignification
 o - a potion of flight
 r - 2 potions of cancellation
 t - 2 potions of brilliance
 A - 2 potions of curing
 D - 4 potions of haste
 J - a potion of berserk rage {unknown}
Books
 G - a book of Cantrips

   Spells                             Type                      Level
   a - Confusing Touch                Hexes                        1
   b - Animate Skeleton               Necromancy                   1
   c - Summon Small Mammal            Summoning                    1
   d - Apportation                    Translocation                1
Miscellaneous
 O - a phial of floods
Comestibles
 f - 5 bread rations
 q - 2 royal jellies
 z - 2 meat rations
 B - 6 fruits


   Skills:
 + Level 10.0 Fighting
 + Level 11.5 Axes
 + Level 9.2 Armour
 - Level 3.2 Shields
 + Level 3.7 Translocations
 + Level 7.8 Invocations


You had 8 spell levels left.
You knew the following spells:

 Your Spells              Type           Power        Failure   Level  Hunger
a - Apportation           Tloc           #.....       97%         1    ##.....


Dungeon Overview and Level Annotations

Branches:
Dungeon (7/15)             Temple (1/1) D:5

Altars:
Ashenzari
Cheibriados
Dithmenos
Fedhas
Gozag
Kikubaaqudgha
Makhleb
Nemelex Xobeh
Okawaru
Qazlal
Ru
Sif Muna
Trog
Uskayaw
Vehumet
Wu Jian
Xom
Zin
The Shining One

Annotations:
D:6 Edmund
D:7 2 runed doors


Message History

The fire crab claws you!
* * * LOW HITPOINT WARNING * * *
You are engulfed in flames!
* * * LOW HITPOINT WARNING * * *
You feel much better.
You are engulfed in blazing flames.
* * * LOW HITPOINT WARNING * * *
The fire crab breathes flames at you. The blast of flame engulfs you!
You feel much better.
You are engulfed in blazing flames.
* * * LOW HITPOINT WARNING * * *
The fire crab bites you but does no damage.
You block the fire crab's attack.
You hit the fire crab.
The fire crab is almost dead.
You are engulfed in blazing flames.
* * * LOW HITPOINT WARNING * * *
You block the fire crab's attack. The fire crab claws you.
* * * LOW HITPOINT WARNING * * *
You are engulfed in flames!
You die...

#.......###.##..##.## ##.##..#
#.##.........†)##.## ##.##..
#.##.##.###.#(.#..# #..##.
#....##.##....##.###########.##.
#.#####.#.....#.##.#######.##.#.
##.#####.##...##.#'....[....)#.##
.........###..##.####..#..###...#
##.##.######.###.#####.#.####.#.#
#..##.# #..###@#####.).###.....
#.###.# ##.###.t)#####.####.###.
#.###.# ##..###...#####.###......
......# #..####...## ##.###.#####
......###..# .+...+. ##.##.....).
#...#.##...#.#######. #.##.######
.......'...+# ###################
#...#.##....... ..............
##.##.###....... ##...#...####


You could see a fire crab.

Vanquished Creatures
  2 two-headed ogres (D:7)
  An unseen horror (D:7)
  2 ugly things (D:7)
  A manticore (D:7)
  A shadow (D:7)
  Sigmund (D:2)
  Eustachio (D:4)
  A water moccasin (D:7)
  A black bear (D:7)
  An orc warrior (D:7)
  An ice beast (D:7)
  A phantom (D:5)
  3 ogres
  4 centaurs
  Blork the orc (D:5)
  5 bullfrogs
  A scorpion (D:7)
  A killer bee (D:7)
  A wight (D:7)
  3 crimson imps
  2 hounds
  Crazy Yiuf (D:2)
  An orc priest (D:3)
  Jessica (D:2)
  Ijyb (D:5)
  An iguana (D:4)
  6 worker ants
  9 orc wizards
  A hound zombie (D:7)
  2 hound skeletons (D:4)
  A worker ant zombie (D:7)
  3 gnolls (D:4)
  5 river rats
  11 adders
  A shadow imp (D:5)
  5 oozes
  An adder skeleton (D:4)
  4 worms
  A dart slug (D:3)
  6 leopard geckos
  14 orcs
  5 giant cockroaches
  3 goblins
  12 hobgoblins
  8 jackals
  3 quokkas
  20 ball pythons
  4 bats
  8 frilled lizards
  8 kobolds
  A quokka zombie (D:5)
  31 rats
213 creatures vanquished.

Vanquished Creatures (others)
  An orc priest (D:7)
1 creature vanquished.

Grand Total: 214 creatures vanquished

Notes
Turn   | Place    | Note
-------+----------+-------------------------------------------
     0 | D:1      | Ijustatesigmund the Hill Orc Fighter began the quest for the Orb.
     0 | D:1      | Reached XP level 1. HP: 19/19 MP: 1/1
    34 | D:1      | Reached skill level 3 in Axes
    37 | D:1      | Reached XP level 2. HP: 25/26 MP: 2/2
    70 | D:1      | Reached skill level 4 in Axes
   490 | D:1      | Reached XP level 3. HP: 31/31 MP: 3/3
   696 | D:2      | Noticed Jessica
   701 | D:2      | Killed Jessica
   701 | D:2      | Reached skill level 5 in Axes
   896 | D:2      | Reached XP level 4. HP: 33/39 MP: 4/4
  1033 | D:2      | Noticed Sigmund
  1042 | D:2      | Killed Sigmund
  1042 | D:2      | Reached skill level 6 in Axes
  1042 | D:2      | Reached XP level 5. HP: 41/47 MP: 5/5
  1054 | D:2      | Reached XP level 6. HP: 48/53 MP: 6/6
  1338 | D:2      | Found a stormy altar of Qazlal.
  1509 | D:2      | Found a glowing golden altar of the Shining One.
  1568 | D:2      | Found a runed door.
  1572 | D:2      | Noticed Crazy Yiuf
  1579 | D:2      | Killed Crazy Yiuf
  1812 | D:3      | Reached skill level 5 in Fighting
  1997 | D:3      | Reached skill level 7 in Axes
  2222 | D:4      | Reached XP level 7. HP: 57/61 MP: 7/7
  2246 | D:4      | Reached skill level 5 in Armour
  2259 | D:4      | Noticed Eustachio
  2282 | D:4      | Killed Eustachio
  2387 | D:4      | Found a deep blue altar of Sif Muna.
  2451 | D:4      | Found a shadowy altar of Dithmenos.
  2774 | D:4      | Found a bloodstained altar of Trog.
  2783 | D:4      | Reached skill level 8 in Axes
  2844 | D:5      | Entered Level 5 of the Dungeon
  2860 | D:5      | Found a blossoming altar of Fedhas.
  2875 | D:5      | Reached XP level 8. HP: 60/71 MP: 8/8
  2974 | D:5      | Noticed Ijyb
  2987 | D:5      | Killed Ijyb
  3017 | D:5      | Found a staircase to the Ecumenical Temple.
  3027 | Temple   | Entered the Ecumenical Temple
  3038 | Temple   | Became a worshipper of Warmaster Okawaru
  3413 | D:5      | Reached skill level 1 in Invocations
  3696 | D:5      | Noticed Blork the orc
  3709 | D:5      | Killed Blork the orc
  4045 | D:5      | Found an opulent altar of Gozag.
  4045 | D:5      | Found a glowing silver altar of Zin.
  4173 | D:6      | Reached skill level 9 in Axes
  4190 | D:6      | Noticed Edmund
  4246 | D:6      | Found a radiant altar of Vehumet.
  4436 | D:6      | Found a glowing drain.
  4458 | Sewer    | Entered a sewer
  4476 | Sewer    | Reached * piety under Okawaru
  4672 | Sewer    | Reached XP level 9. HP: 77/81 MP: 9/11
  5085 | D:7      | Learned a level 1 spell: Apportation
  5120 | D:7      | Found an ornate altar of the Wu Jian Council.
  5328 | D:7      | Reached skill level 10 in Axes
  5445 | D:7      | Reached skill level 5 in Invocations
  5456 | D:7      | Found a shimmering altar of Xom.
  5595 | D:7      | Noticed a white ugly thing
  5595 | D:7      | Noticed a purple ugly thing
  5598 | D:7      | Noticed a two-headed ogre
  5599 | D:7      | Noticed a manticore
  5606 | D:7      | Killed a purple ugly thing
  5606 | D:7      | Reached ** piety under Okawaru
  5606 | D:7      | Reached skill level 1 in Translocations
  5612 | D:7      | Killed an unseen horror
  5612 | D:7      | Reached *** piety under Okawaru
  5612 | D:7      | Reached XP level 10. HP: 49/91 MP: 11/14
  5623 | D:7      | Killed a white ugly thing
  5627 | D:7      | Killed a two-headed ogre
  5627 | D:7      | Reached **** piety under Okawaru
  5627 | D:7      | Reached skill level 11 in Axes
  5649 | D:7      | Killed a manticore
  6044 | D:7      | Found a runed door.
  6044 | D:7      | Noticed a fire crab
  6047 | D:7      | Found a runed door.
  6047 | D:7      | Found a runed door.
  6047 | D:7      | Noticed a two-headed ogre
  6062 | D:7      | Killed a two-headed ogre
  6070 | D:7      | Reached skill level 10 in Fighting
  6096 | D:7      | Slain by a fire crab

Vault maps used:
D:1:      saegor_arrival_miasma, minmay_tromino_mix6
D:2:      marbit_many_paths, lemuel_coloured_pillars_altar, uniq_jessica,
          uniq_crazy_yiuf_cottage, uniq_sigmund
D:4:      lemuel_blue_sif_altar, overflow_temple_1_default, serial_bayou_pond_e,
          bloody_trog, uniq_eustachio
D:5:      grunt_temple_overflow_gold_and_silver, kennysheep_mini,
          minmay_temple_entry_hall, first_bread, uniq_blork_the_orc, uniq_ijyb
D:6:      vehumet_crystals, portal_sewer_entry_a, uniq_edmund
D:7:      minmay_the_grid_triangle_9x9_recursive_2, overflow_temple_1_default,
          kennysheep_mini_moat, st_stairs_4
Temple:   compressed_dpeg_triangle_lava_temple
Sewer:    sewer_minmay_w

Skill      XL: |  1  2  3  4  5  6  7  8  9 10 |
---------------+-------------------------------+-----
Axes           | 3 4 5 6 7 8 9 10 11 | 11.5
Fighting       | 4 5 6 7 9 10 | 10.0
Armour         | 4 5 7 8 9 |  9.2
Invocations    | 3 6 7 |  7.8
Translocations | 2 3 |  3.7
Shields        | |  3.2

Action                   |  1- 3 |  4- 6 |  7- 9 | 10-12 || total
-------------------------+-------+-------+-------+-------++-------
Melee: War axe           |    87 |   120 |   432 |    70 ||   709
Invok: Heroism           |       |       |     2 |     2 ||     4
Evoke: Wand              |       |       |       |     3 ||     3
  Use: Scroll            |     2 |     9 |     2 |       ||    13
       Potion            |       |     3 |     2 |     5 ||    10
 Stab: Invisible         |       |     1 |       |       ||     1
  Eat: Chunk             |       |     4 |    12 |     1 ||    17
Armor: Scale mail        |    45 |    44 |    79 |       ||   168
       Chain mail        |       |       |   190 |    26 ||   216
Dodge: Dodged            |    24 |    26 |   117 |    18 ||   185
Block: Shield            |    47 |    40 |   235 |    54 ||   376
       Reflection        |       |       |     4 |       ||     4

Table legend:
 A = Spawn XP
 B = Non-spawn XP
 C = Spawn XP percentage of total XP
 D = Spawn monster count
 E = Non-spawn monster count
 F = Spawn count percentage of total count
 G = Total turns spent on level
                    A         B        C        D         E        F      G
               +---------+---------+-------+---------+---------+-------+---------
         Total |       0 |    8703 |   0.0 |       0 |     214 |   0.0 |  6096
               +---------+---------+-------+---------+---------+-------+---------
           D:1 |       0 |      38 |   0.0 |       0 |      22 |   0.0 |   686
           D:2 |       0 |     362 |   0.0 |       0 |      23 |   0.0 |   966
           D:3 |       0 |     105 |   0.0 |       0 |      19 |   0.0 |   446
           D:4 |       0 |     569 |   0.0 |       0 |      17 |   0.0 |   746
           D:5 |       0 |     704 |   0.0 |       0 |      22 |   0.0 |  1141
           D:6 |       0 |     547 |   0.0 |       0 |      21 |   0.0 |   432
           D:7 |       0 |    6073 |   0.0 |       0 |      42 |   0.0 |  1239
         Sewer |       0 |     305 |   0.0 |       0 |      48 |   0.0 |   246
               +---------+---------+-------+---------+---------+-------+---------
